 Dungeon Crawl Stone Soup version 0.28.0-45-g0d030f2227 (webtiles) character file.

Game seed: 11044992329675178090

42 pkoi the Insei (level 3, -12/29 HPs)
             Began as a Demigod Warper on Apr 11, 2022.
             Mangled by Terence
             ... wielding a +4 vorpal mace
              (13 damage)
             ... on level 2 of the Dungeon.
             The game lasted 00:02:49 (2982 turns).

pkoi the Insei (Demigod Warper)                     Turns: 2982, Time: 00:02:50

Health: -12/29     AC:  3    Str: 14    XL:     3   Next: 19%
Magic:  8/8        EV: 11    Int: 19    God:
Gold:   10         SH:  0    Dex: 13    Spells: 5/5 levels left

rFire   . . .      SeeInvis .   e - +0 dagger
rCold   . . .      Faith    .   (no shield)
rNeg    . . .      Spirit   .   a - +0 leather armour
rPois   .          Reflect  .   (no helmet)
rElec   .          Harm     .   (no cloak)
rCorr   .          Rampage  .   (no gloves)
Will    .....      Clarity  +   (no boots)
Stlth   +.........              (no amulet)
HPRegen 0.09/turn               (no ring)
MPRegen 0.11/turn               (no ring)

@: no status effects
A: high MP 1, forlorn, divine attributes, clarity, strong 1
a: no special abilities


You were on level 2 of the Dungeon.
You visited 1 branch of the dungeon, and saw 2 of its levels.

You collected 10 gold pieces.

Inventory:

Hand Weapons
 e - a +0 dagger (weapon)
 f - a +0 short sword
 m - a +0 whip
Missiles
 c - 2 boomerangs of dispersal (quivered)
 h - 3 javelins
Armour
 a - a +0 leather armour (worn)
Scrolls
 b - a scroll of blinking
 k - a scroll of amnesia {unknown}
 l - a scroll of identify


   Skills:
 - Level 1.7 Fighting
 - Level 0.8 Throwing
 - Level 0.8 Armour
 - Level 1.7 Dodging
 + Level 3.5 Unarmed Combat
 - Level 1.7 Spellcasting
 - Level 2.6 Translocations


You had 5 spell levels left.
You didn't know any spells.
Your spell library contained the following spells:

 Spells                   Type           Power      Damage    Failure   Level
 Blink                    Tloc           22%        N/A       11%         2
 Gell's Gravitas          Tloc           11%        N/A       22%         3
 Lesser Beckoning         Tloc           11%        N/A       22%         3
 Teleport Other           Tloc           11%        N/A       22%         3
 Manifold Assault         Tloc           11%        N/A       89%         5
 Summon Lightning Spire   Summ/Air       1%         N/A       91%         4
 Storm Form               Tmut/Air       0%         N/A       100%        7
 Maxwell's Capacitive Co  Air            0%         ∞         100%        8


Dungeon Overview and Level Annotations

Branches:
Dungeon (1/15)

Annotations:
D:2 Terence


Innate Abilities, Weirdness & Mutations

You have an increased reservoir of magic. (+10% MP)
You shall have no god before yourself.
Your divine heritage dramatically boosts your attributes as you level up.
You possess an exceptional clarity of mind.
Your muscles are strong. (Str +2)


Message History

Your thoughts seem clearer.
You feel stronger.
It was a potion of ambrosia.
You are confused.
You feel invigorated. Terence hits you with a +4 vorpal mace.
* * * LOW HITPOINT WARNING * * *
x2 You are too confused!
You bump into the rock wall.
Terence hits you with a +4 vorpal mace!
* * * LOW HITPOINT WARNING * * *
x2 Terence barely misses you.
You bump into the rock wall.
Terence hits you with a +4 vorpal mace!
* * * LOW HITPOINT WARNING * * *
x2 Terence hits you with a +4 vorpal mace.
* * * LOW HITPOINT WARNING * * *
x2 You bump into the rock wall.
Terence hits you with a +4 vorpal mace.
* * * LOW HITPOINT WARNING * * *
x2 You bump into the rock wall.
Terence barely misses you.
You bump into the closed door.
Terence hits you with a +4 vorpal mace.
* * * LOW HITPOINT WARNING * * *
x2 You bump into the rock wall.
You feel less invigorated.
You feel less confused. Terence says, "Did you write a will?
You should..."
Terence hits you with a +4 vorpal mace!
* * * LOW HITPOINT WARNING * * *
x2 You open the door.
Terence barely misses you.
There is an open door here.
As you read the scroll labelled FASKIM VUILOI, it crumbles to dust.
The creatures around you are filled with an inner flame!
It was a scroll of immolation.
You hit Terence but do no damage. Your punch misses Terence.
Terence hits you with a +4 vorpal mace.
* * * LOW HITPOINT WARNING * * *
x2 Unknown command.
Okay, then.
Throw: 3 boomerangs (disperse)
Press: ? - help, Q - select action, (/) - cycle Shift-Dir - straight line, f - Terence
Aim: Terence, wielding a +4 vorpal mace and wearing a +1 scale mail of fire resistance (inner flame, 60% to hit)
You throw a boomerang of dispersal.
The boomerang of dispersal barely misses Terence.
Terence hits you but does no damage. Terence hits you with a +4 vorpal mace!
You die...

##### #...####
# +..@@..#.#
#...##.#.#####
#...##........
#...##.#.#....
########.# ..
#


You could see Terence (inner flame).

Vanquished Creatures
  A dart slug (D:1)
  3 ball pythons (D:1)
  4 endoplasms (D:1)
  3 giant cockroaches (D:1)
  3 goblins (D:1)
  4 hobgoblins (D:1)
  4 kobolds (D:1)
  4 quokkas (D:1)
  4 bats (D:1)
  5 rats (D:1)
35 creatures vanquished.

Notes
Turn   | Place    | Note
-------+----------+-------------------------------------------
     0 | D:1      | pkoi the Demigod Warper began the quest for the Orb.
     0 | D:1      | Reached XP level 1. HP: 17/17 MP: 5/5
    26 | D:1      | Reached skill level 2 in Unarmed Combat
   739 | D:1      | Reached XP level 2. HP: 23/24 MP: 7/7
  1338 | D:1      | Reached skill level 3 in Unarmed Combat
  2030 | D:1      | Reached XP level 3. HP: 24/29 MP: 8/8
  2963 | D:1      | You fall into a shaft and drop 1 floor!
  2964 | D:2      | Noticed Terence
  2967 | D:2      | Gained mutation: You possess an exceptional clarity of
                  | mind. [potion of mutation]
  2967 | D:2      | Gained mutation: Your muscles are strong. (Str +2) [potion
                  | of mutation]
  2980 | D:2      | HP: 1/29 [Terence/+4 vorpal mace (2)]
  2982 | D:2      | Mangled by Terence

Illustrated notes

Levels and vault maps discovered:
D:1:      dpeg_arrival_refuge, layout_loops_corners, minmay_misc_feat_columns,
          minivault_26, minmay_hexomino_u4
D:2:      layout_basic, uniq_natasha, uniq_terence

Skill      XL: |  1  2 |
---------------+-------+-----
Unarmed Combat | 2 3 |  3.5
Fighting       | |  1.7
Throwing       | |  0.8
Armour         | |  0.8
Dodging        | |  1.7
Spellcasting   | |  1.7
Translocations | |  2.6

Action                   || total
-------------------------++-------
Melee: Unarmed           ||    51
       Dagger            ||   154
       Punch             ||     8
Throw: Boomerang         ||     3
  Use: Scroll            ||     2
       Potion            ||     3
 Stab: Sleeping          ||     1
Armor: Leather armour    ||    61
Dodge: Dodged            ||   135
